 Dungeon Crawl Stone Soup version 0.25-b1-46-gb8a1ec05df (webtiles) character file.

Game seed: 914085089959233333

5614 H0rd4k the Cutter (level 11, -10/81 HPs)
             Began as a Human Artificer on June 9, 2020.
             Was an Initiate of Gozag.
             Mangled by an orc knight
             ... wielding a +0 war axe
              (22 damage)
             ... in a bailey.
             The game lasted 00:23:26 (12296 turns).

H0rd4k the Cutter (Human Artificer)                Turns: 12296, Time: 00:23:26

Health: -10/81     AC: 18    Str: 15    XL:     11   Next: 3%
Magic:  14/14      EV: 12    Int: 16    God:    Gozag
Gold:   673        SH:  0    Dex: 14    Spells: 10/10 levels left

rFire    + . .     SeeInvis .   R - +12 flail "Qenyet" {elec, Int+4}
rCold    + + .     Gourm    .   (no shield)
rNeg     . . .     Faith    .   u - +3 scale mail
rPois    +         Spirit   .   (no helmet)
rElec    +         Reflect  .   (no cloak)
rCorr    +         Harm     .   (no gloves)
MR       .....                  c - +2 pair of boots {run}
Stlth    +.........             d - amulet of regeneration
HPRegen  0.63/turn              G - +4 ring of protection
MPRegen  0.14/turn              E - ring of protection from cold

@: mighty, resistant, gold aura, quick
A: no striking features
a: Potion Petition, Call Merchant, Bribe Branch, Renounce Religion


You were in a bailey.
You worshipped Gozag.
Gozag was pleased with you.
You were not hungry.

You visited 2 branches of the dungeon, and saw 10 of its levels.
You also visited: Ossuary and Bailey.

You collected 837 gold pieces.
You paid 164 gold pieces to Gozag.

Inventory:

Hand Weapons
 a - a +0 short sword
 m - a +2 rapier of draining
 x - a +0 falchion
 C - a +6 short sword
 D - a +1 battleaxe of electrocution
 M - a +1 dagger of venom
 Q - a +0 shortbow of freezing
 R - the +12 flail "Qenyet" (weapon) {elec, Int+4}
   (You found it on level 9 of the Dungeon)

   Occasionally, upon striking a foe, it will discharge some electrical energy
   and cause terrible harm.
   It affects your intelligence (+4).
Missiles
 k - 25 poisoned darts (quivered)
 L - 2 datura-tipped darts
Armour
 b - a +0 leather armour
 c - a +2 pair of boots of running (worn)
 u - a +3 scale mail (worn)
 v - a +0 ring mail of cold resistance
 B - a cursed +0 robe
Jewellery
 d - an amulet of regeneration (around neck)
 E - a ring of protection from cold (right hand)
 G - a +4 ring of protection (left hand)
 N - an uncursed amulet of faith {unknown}
 O - an uncursed amulet of magic regeneration
 P - an uncursed ring of stealth
Scrolls
 g - 6 scrolls of remove curse
 i - a scroll of enchant armour
 j - 5 scrolls of teleportation
 l - 2 scrolls of blinking
 o - 11 scrolls of identify
 p - a scroll of fog
 r - a scroll of magic mapping
 t - 3 scrolls of amnesia
 J - a scroll of immolation {unknown}
Potions
 e - a potion of magic
 h - 4 potions of stabbing {unknown}
 n - 5 potions of curing
 q - 2 potions of haste
 s - 2 potions of heal wounds
 w - a potion of ambrosia {unknown}
 z - a potion of lignification {unknown}
 A - a potion of mutation {unknown}
 F - a potion of berserk rage {unknown}
 H - 2 potions of brilliance
 K - a potion of flight {unknown}
Comestibles
 f - 7 rations


   Skills:
 + Level 6.0 Fighting
 + Level 7.7(8.3) Short Blades
 + Level 4.6(6.8) Long Blades
 + Level 4.4 Maces & Flails
 + Level 2.3 Throwing
 + Level 6.8 Armour
 + Level 5.5 Dodging
 + Level 4.1 Stealth
   Level 4.3 Evocations


You had 10 spell levels left.
You didn't know any spells.
Your spell library contained the following spells:

 Spells                   Type           Power        Failure   Level  Hunger
 Animate Skeleton         Necr           N/A          63%         1    ##.....
 Magic Dart               Conj           #...         63%         1    ##.....
 Pain                     Necr           #...         63%         1    ##.....
 Blink                    Tloc           N/A          77%         2    ###....
 Call Imp                 Summ           #.......     77%         2    ###....
 Slow                     Hex            #.......     77%         2    ###....
 Conjure Flame            Conj/Fire      #.......     94%         3    ####...
 Mephitic Cloud           Conj/Pois/Air  #.......     94%         3    ####...
 Vampiric Draining        Necr           #.........   94%         3    ####...
 Animate Dead             Necr           N/A          100%        4    #####..
 Agony                    Necr           #.......     100%        5    ######.


Dungeon Overview and Level Annotations

Branches:
Dungeon (9/15)             Temple (1/1) D:7            Lair (0/6) D:8
Ossuary (visited)          Bailey (1/1)
    Orc: D:9-12

Altars:
Cheibriados
Fedhas
Gozag
Kikubaaqudgha
Nemelex Xobeh
Okawaru
Qazlal
Sif Muna
Uskayaw
Vehumet
Wu Jian
Xom
Yredelemnul

Annotations:
D:4 exclusion: phantom
D:5 4 runed translucent doors, exclusions: orc warrior and troll
D:6 exclusion: orc warrior
D:8 exclusion: 2 upstairs


Message History

You feel yourself slow down.
You hit the orc warrior.
Lightning courses through the orc warrior!
The orc warrior is heavily wounded.
The orc warrior hits you with a +0 broad axe.
You sock the orc warrior!
You kill the orc warrior!
Your Fighting skill increases to level 6!
The orc knight hits you but does no damage.
You sock the orc knight!
Lightning courses through the orc knight!
The orc knight is moderately wounded.
The orc knight hits you with a +0 war axe!!
* * * LOW HITPOINT WARNING * * *
You sock the orc knight!
Lightning courses through the orc knight!
The orc knight is severely wounded.
The orc knight hits you with a +0 war axe!!
You die...
Your body crumbles into a pile of gold.

♣♣.......♣♣
♣........♣
♣##'''##♣♣ ##.....##
#.......#
##.......##
#.........#
##..)......#
#######@..).⌠.....#
##.....##o))......##
#......)).........+
##.......##.......##
#.......o.#.......#
##.........##.....##
#.....⌠o.o..#######
##.........##$ $ $
#.........#


$$$$$ You could see an orc knight (strong).

Vanquished Creatures
  Pikel (D:4)
  An orc knight (Bailey)
  Joseph (D:7)
  Prince Ribbit (D:5)
  Eustachio (D:4)
  A steam dragon (D:7)
  Menkaure (D:7)
  A water moccasin (D:7)
  11 orc warriors
  A phantom (D:6)
  3 sky beasts
  2 ogres
  5 centaurs
  3 bullfrogs
  A water moccasin skeleton (D:6)
  2 wights (D:6)
  2 crimson imps
  3 centaur zombies (Ossuary)
  A bullfrog zombie (D:5)
  2 orc priests
  4 hounds
  3 jellies
  A bullfrog skeleton (D:3)
  8 orc wizards
  4 worker ants
  2 ogre zombies (Ossuary)
  2 hound skeletons (D:7)
  7 mummies (Ossuary)
  19 gnolls
  10 adders
  A shadow imp (D:6)
  An ooze (D:3)
  2 adder zombies (Ossuary)
  5 worms
  4 leopard geckos
  44 orcs
  4 bats
  5 giant cockroaches
  17 goblins
  15 hobgoblins
  4 jackals (D:3)
  11 kobolds
  3 quokkas
  4 frilled lizards
  5 goblin zombies (Ossuary)
  5 hobgoblin zombies (Ossuary)
  5 kobold zombies (Ossuary)
  2 leopard gecko skeletons
  A leopard gecko zombie (D:6)
  2 orc zombies (Ossuary)
  2 quokka zombies
  5 rats (D:2)
  5 rat zombies (Ossuary)
256 creatures vanquished.

Vanquished Creatures (collateral kills)
  2 wights (D:6)
  An orc priest (D:6)
  An orc wizard (D:6)
  A giant cockroach (D:6)
5 creatures vanquished.

Vanquished Creatures (others)
  A slave (D:4)
  An ogre (D:4)
  A centaur (D:5)
  A wight (D:6)
  An adder (D:3)
  An orc (D:3)
  2 plants (D:7)
8 creatures vanquished.

Grand Total: 269 creatures vanquished

Notes
Turn   | Place    | Note
-------+----------+-------------------------------------------
     0 | D:1      | H0rd4k the Human Artificer began the quest for the Orb.
     0 | D:1      | Reached XP level 1. HP: 15/15 MP: 3/3
   157 | D:1      | Reached XP level 2. HP: 18/21 MP: 4/4
   354 | D:1      | You fall into a shaft and drop 1 floor!
   688 | D:2      | Reached XP level 3. HP: 18/26 MP: 5/5
  1287 | D:2      | Found a faded altar of an unknown god.
  1571 | D:2      | Reached skill level 2 in Short Blades
  1886 | D:2      | Reached XP level 4. HP: 30/32 MP: 6/6
  2518 | D:3      | Reached skill level 1 in Armour
  2633 | D:3      | Found a radiant altar of Vehumet.
  2651 | D:3      | Reached XP level 5. HP: 19/37 MP: 7/7
  4901 | D:4      | Noticed Pikel
  4901 | D:4      | Noticed a slave
  4901 | D:4      | Noticed a slave
  4902 | D:4      | Noticed a slave
  4903 | D:4      | Noticed a slave
  4912 | D:4      | Noticed an ogre
  4928 | D:4      | Killed Pikel
  4928 | D:4      | Reached skill level 4 in Short Blades
  4928 | D:4      | Reached XP level 6. HP: 41/44 MP: 8/8
  4928 | D:4      | Reached XP level 7. HP: 47/50 MP: 9/9
  5005 | D:4      | Identified a +1 pair of boots of running (You found it on
                  | level 4 of the Dungeon)
  5222 | D:4      | Noticed Eustachio
  5233 | D:4      | Killed Eustachio
  5355 | D:4      | Reached XP level 8. HP: 57/57 MP: 9/11
  5416 | D:5      | Entered Level 5 of the Dungeon
  5643 | D:5      | Found a large runed translucent door.
  5643 | D:5      | Found a large runed translucent door.
  5652 | D:5      | Noticed a hippogriff
  5656 | D:5      | Found a large runed translucent door.
  5656 | D:5      | Found a large runed translucent door.
  5803 | D:5      | Reached skill level 5 in Short Blades
  6088 | D:5      | Reached skill level 1 in Long Blades
  6336 | D:5      | Noticed Prince Ribbit
  6389 | D:5      | Killed Prince Ribbit
  6389 | D:5      | Reached skill level 1 in Throwing
  6500 | D:5      | Noticed a troll
  7030 | D:6      | Reached XP level 9. HP: 24/64 MP: 12/12
  8380 | D:7      | Reached skill level 5 in Armour
  8607 | D:7      | Noticed Menkaure
  8672 | D:7      | Killed Menkaure
  8844 | D:7      | You fall into a shaft and drop 1 floor!
  8861 | D:8      | Found a sand-covered staircase.
  8882 | Ossuary  | Entered an ossuary
  9340 | Ossuary  | Reached skill level 5 in Fighting
  9519 | Ossuary  | Reached skill level 6 in Short Blades
  9582 | D:8      | Reached XP level 10. HP: 32/74 MP: 13/13
  9704 | D:8      | Found a staircase to the Lair.
 10255 | D:8      | Reached skill level 5 in Dodging
 10715 | D:7      | Noticed Joseph
 10739 | D:8      | Reached skill level 7 in Short Blades
 10855 | D:7      | Found a staircase to the Ecumenical Temple.
 10896 | Temple   | Entered the Ecumenical Temple
 10985 | Temple   | Became a worshipper of Gozag Ym Sagoz the Greedy
 11063 | D:7      | Killed Joseph
 11907 | D:9      | Got a steaming flail
 11908 | D:9      | Identified the +12 flail "Qenyet" {elec, Int+4} (You found
                  | it on level 9 of the Dungeon)
 11931 | D:9      | Found a flagged portal.
 11957 | Bailey   | Entered a bailey
 12112 | Bailey   | Reached skill level 1 in Maces & Flails
 12191 | Bailey   | Noticed an orc knight
 12206 | Bailey   | Killed an orc knight
 12218 | Bailey   | Reached XP level 11. HP: 56/81 MP: 14/14
 12231 | Bailey   | Noticed an orc warlord
 12237 | Bailey   | Noticed an orc knight
 12296 | Bailey   | Mangled by an orc knight

Illustrated notes

Levels and vault maps discovered:
D:1:      giann_wishing_wells, layout_rooms, serial_forest,
          infiniplex_forest_clump_tiny, infiniplex_forest_zigzag_2,
          infiniplex_forest_pool, infiniplex_forest_clump_small,
          infiniplex_forest_clump_tiny
D:2:      layout_loops_ring, chequers_ecumenical_altar_island
D:3:      layout_basic, lemuel_doored_altar, grunt_ministairs_4
D:4:      layout_loops_ring, minmay_fractal_squares_gapless_5, uniq_eustachio,
          uniq_pikel
D:5:      layout_basic, first_ration, kennysheep_doodads, minmay_crystal_water,
          minmay_hollow_rounded_squares, uniq_prince_ribbit1
D:6:      layout_basic, item_on_display_a
D:7:      layout_gridville, minmay_temple_entry_wispy, worms_lemuel,
          uniq_menkaure, uniq_joseph
D:8:      layout_layer_cave, lair_entry_dummy,
          lightli_ossuary_entry_decrepit_ruins
D:9:      layout_roguey, lemuel_round_altar, david_orc_5,
          lightli_bailey_entry_fortress
Temple:   regret_index_temple_chain_breaker
Bailey:   bailey_axe_minmay_hex_keep, bailey

Skill      XL: |  1  2  3  4  5  6  7  8  9 10 11 |
---------------+----------------------------------+-----
Short Blades   | 2 4 5 6 7 |  7.7
Armour         | 1 3 4 5 6 |  6.8
Fighting       | 2 3 5 6 |  6.0
Dodging        | 3 4 5 |  5.5
Stealth        | 2 3 4 |  4.1
Evocations     | 4 |  4.3
Long Blades    | 3 4 |  4.6
Throwing       | 1 2 |  2.3
Maces & Flails | 4 |  4.4

Action                   |  1- 3 |  4- 6 |  7- 9 | 10-12 || total
-------------------------+-------+-------+-------+-------++-------
Melee: Short sword       |   109 |   137 |   307 |   295 ||   848
       Falchion          |       |       |   241 |       ||   241
       Flail             |       |       |       |   138 ||   138
Throw: Dart              |       |       |     9 |    17 ||    26
Invok: Potion Petition   |       |       |       |     1 ||     1
Evoke: Wand              |     6 |    17 |    22 |       ||    45
  Use: Potion            |       |     4 |     3 |     4 ||    11
       Scroll            |       |       |    12 |       ||    12
 Stab: Sleeping          |     4 |     2 |     2 |       ||     8
       Paralysed         |       |       |     3 |       ||     3
       Confused          |       |       |     2 |       ||     2
       Distracted        |       |       |       |     1 ||     1
  Eat: Chunk             |     3 |     6 |     6 |     4 ||    19
       Ration            |       |     1 |     3 |     1 ||     5
Armor: Leather armour    |    36 |    19 |       |       ||    55
       Scale mail        |       |    14 |   194 |   159 ||   367
Dodge: Dodged            |    79 |    74 |   224 |   211 ||   588
       Rpst.: Falchion   |       |       |    24 |       ||    24
